 Dungeon Crawl Stone Soup version 0.30-a0-2-gf48d83f5e2 (webtiles) character file.

Game seed: 10603224760007235393

1308 ytrimaz the Martial Artist (level 8, -7/53 (54) HPs)
             Began as an Octopode Transmuter on Aug 20, 2022.
             Was an Initiate of Ashenzari.
             Mangled by a gnoll
             ... wielding a +2 halberd of electrocution
              (17 damage)
             ... in a bailey.
             The game lasted 00:10:34 (4258 turns).

ytrimaz the Martial Artist (Octopode Transmuter)    Turns: 4258, Time: 00:10:35

HP:   -7/53 (54)    AC:  2    Str:  9 (10) XL:     8   Next: 58%
MP:   5/11          EV: 23    Int: 15 (17) God:    Ashenzari [......]
Gold: 128           SH:  0    Dex: 16 (17) Spells: 5/11 levels left

rFire   . . .      SeeInvis .      - Unarmed
rCold   + . .      Faith    .    (shield currently unavailable)
rNeg    . . .      Spirit   .    (helmet currently unavailable)
rPois   x          Reflect  .    l - amulet of regeneration
rElec   .          Harm     .    d - ring of protection from cold
rCorr   .          Rampage  .    b - ring "Mysticism of Ashenzari" {EV+4, Cun, Comp} (curse)
Will    .....                    (no ring)
Stlth   +.........               (no ring)
HPRegen 0.97/turn                (no ring)
MPRegen 0.12/turn                (no ring)
                                 (no ring)
                                 (no ring)

@: mighty, spider-form (expiring), attractive, very slightly contaminated,
lightly drained
A: venomous fangs, almost no armour, (amphibious), 8 rings, tiny, (camouflage
1), (gelatinous body 1), (nimble swimmer 1), (tentacles)
a: End Transformation, Renounce Religion, Shatter the Chains


You were in a bailey.
You worshipped Ashenzari.
Ashenzari was noncommittal.
You were a venomous arachnid creature.
You visited 2 branches of the dungeon, and saw 6 of its levels.
You also visited: Bailey.

You collected 128 gold pieces.

Inventory:

Jewellery
 b - the cursed ring "Mysticism of Ashenzari" (right front leg) {EV+4, Cun, Comp}
   (You found it on level 1 of the Dungeon)

   [ring of evasion]

   EV:        It affects your evasion (+4).
   It has a curse which improves the following skills: Cunning: Dodging and
   Stealth.
   Companions: Summonings and Necromancy.
 d - a ring of protection from cold (left front leg)
 l - an amulet of regeneration (around neck)
Potions
 a - a potion of might


   Skills:
 * Level 4.8 Fighting
 - Level 2.0(2.3) Dodging
 + Level 9.4 Unarmed Combat
 - Level 2.0 Spellcasting
 - Level 2.0 Transmutations
 - Level 0.4 Poison Magic


You had 5 spell levels left.
You knew the following spells:

 Your Spells              Type           Power      Damage    Failure   Level
a - Beastly Appendage     Tmut           14%        N/A       24%         1
b - Wereblood             Tmut           7%         N/A       32%         2
c - Spider Form           Tmut/Pois      5%         N/A       61%         3

Your spell library contained the following spells:

 Spells                   Type           Power      Damage    Failure   Level
 Slow                     Hex            4%         N/A       43%         1
 Confusing Touch          Hex            1%         N/A       75%         3
 Gell's Gravitas          Tloc           1%         N/A       75%         3
 Teleport Other           Tloc           1%         N/A       75%         3
 Vampiric Draining        Necr           1%         2d6       75%         3
 Ice Form                 Ice/Tmut       4%         N/A       93%         4
 Dispersal                Tloc           0%         N/A       100%        6


Dungeon Overview and Level Annotations

Branches:
Dungeon (7/15)             Temple (1/1) D:4          Bailey (1/1)

Altars:
Ashenzari
Cheibriados
Dithmenos
Elyvilon
Fedhas
Gozag
Hepliaklqana
Kikubaaqudgha
Makhleb
Okawaru
Ru
Sif Muna
Trog
Uskayaw
Vehumet
Wu Jian
Xom
Yredelemnul
Zin

Annotations:
D:4 1 runed translucent door, Crazy Yiuf


Innate Abilities, Weirdness & Mutations

You are a venomous arachnid creature.
You have poisonous fangs.
You are tiny and dextrous.
Your spellcasting is less reliable in this form.
Your armour is entirely melded.
You are incapable of wielding weapons or throwing items.
You cannot wear most types of armour.
((You are amphibious.))
You can wear up to eight rings at the same time.
((Your skin changes colour to match your surroundings (Stealth+).))
((Your rubbery body absorbs attacks. (AC +1, EV +1)))
((You are camouflaged when in or above water. (Stealth+)))
((You have tentacles for arms and can constrict up to eight enemies at once.))


Message History

It was a potion of might.
You feel very mighty all of a sudden.
Your transformation is almost over.
Unknown command.
Casting: Beastly Appendage (safe; 10% risk of failure)
Confirm with . or Enter, or press ? or * to list all spells.
The spell is quite dangerous to miscast (38% risk of failure)!
Continue anyway?
You miscast Spider Form.
You are very lightly contaminated with residual magic.
Nothing appears to happen.
The orc warrior hits you from afar with a +2 halberd of electrocution!!
You are electrocuted!
Unknown command.
There is an open door, spattered with blood here.
There is an open door here.
Okay, then.
Casting: Spider Form (quite dangerous; 38% risk of failure)
Confirm with . or Enter, or press ? or * to list all spells.
The spell is quite dangerous to miscast (38% risk of failure)!
Continue anyway?
Your tentacle spike disappears.
You turn into a venomous arachnid creature.
The orc warrior closely misses you.
Unknown command.
Unknown command.
Okay, then.
Really quaff the potion of attraction?
You feel attractive to monsters. The orc warrior completely misses you.
The orc warrior is attracted toward you.
The gnoll is attracted toward you.
Unknown command.
You hit the orc warrior.
The orc warrior is lightly wounded.
The orc warrior completely misses you. The gnoll closely misses you.
You barely miss the orc warrior.
The orc warrior is lightly wounded.
Your transformation is almost over.
The orc warrior hits you with a +2 halberd of electrocution!!
* * * LOW HITPOINT WARNING * * *
The gnoll hits you from afar with a +2 halberd of electrocution!
You die...

#'# ### #####
### ###
#)###.# #.#g#
##)##'##'# #+
+##+ ##)....#
!.!#
###.....###
!.!.#
#.'..⌠..')#
.⌠.!+
###.....###
.!.! #.....##
#!.
#'##'##s###'#
#.# #.###ogg#
## ### #####


You could see an orc warrior and 2 gnolls.

Vanquished Creatures
  Edmund (D:4)
  An orc warrior (D:7)
  2 centaurs (D:7)
  A bullfrog (D:7)
  A scorpion (D:4)
  5 wights (D:7)
  4 howler monkeys (D:7)
  2 orc priests (D:7)
  A gnoll bouda (D:7)
  An orc wizard (D:7)
  12 gnolls
  5 adders
  An ufetubus (D:4)
  3 dart slugs
  13 orcs
  11 ball pythons
  4 bats
  4 endoplasms
  2 giant cockroaches
  14 goblins
  5 hobgoblins
  4 jackals (D:4)
  7 kobolds
  A quokka (D:3)
  A frilled lizard (D:3)
  3 rats (D:1)
109 creatures vanquished.

Vanquished Creatures (collateral kills)
  An iguana (D:4)
1 creature vanquished.

Vanquished Creatures (others)
  A fungus (D:4)
1 creature vanquished.

Grand Total: 111 creatures vanquished

Notes
Turn   | Place    | Note
-------+----------+-------------------------------------------
     0 | D:1      | ytrimaz the Octopode Transmuter began the quest for the
                  | Orb.
     0 | D:1      | Reached XP level 1. HP: 13/13 MP: 3/3
   145 | D:1      | Reached XP level 2. HP: 14/18 MP: 3/5
   735 | D:1      | Reached XP level 3. HP: 17/24 MP: 4/6
   738 | D:1      | Learned a level 2 spell: Wereblood
   742 | D:1      | Learned a level 3 spell: Spider Form
  1001 | D:2      | Reached skill level 4 in Unarmed Combat
  1870 | D:3      | Reached XP level 4. HP: 29/29 MP: 5/7
  2334 | D:4      | Found a staircase to the Ecumenical Temple.
  2375 | Temple   | Entered the Ecumenical Temple
  2630 | Temple   | Became a worshipper of Ashenzari the Shackled
  2664 | D:4      | Noticed Edmund
  2680 | D:4      | Killed Edmund
  2681 | D:4      | Reached skill level 5 in Unarmed Combat
  2681 | D:4      | Reached XP level 5. HP: 15/36 MP: 5/8
  2860 | D:4      | Reached XP level 6. HP: 40/41 MP: 6/9
  2878 | D:4      | Reached skill level 6 in Unarmed Combat
  3446 | D:4      | Found a runed translucent door.
  3447 | D:4      | Noticed Crazy Yiuf
  3688 | D:4      | You fall into a shaft and drop 3 floors!
  3693 | D:7      | Noticed an orc warrior
  3719 | D:7      | Noticed an orc warrior
  3733 | D:7      | Reached XP level 7. HP: 40/46 MP: 4/10
  3743 | D:7      | Reached skill level 7 in Unarmed Combat
  3799 | D:7      | HP: 2/47 [gnoll/+0 vorpal spear[a gnoll bouda] (1)]
  3895 | D:7      | Reached skill level 8 in Unarmed Combat
  3911 | D:7      | Reached XP level 8. HP: 38/54 MP: 8/11
  3945 | D:7      | Found a flagged portal.
  3970 | D:7      | Reached skill level 9 in Unarmed Combat
  4007 | Bailey   | Entered a bailey
  4258 | Bailey   | Mangled by a gnoll

Illustrated notes

Levels and vault maps discovered:
D:1:      dpeg_arrival_concentric_ovals, layout_rooms
D:2:      layout_basic
D:3:      layout_loops_ring
D:4:      layout_loops_corners, minmay_temple_entry_statues_pillars,
          kennysheep_decorative_pillar, uniq_crazy_yiuf_cottage, uniq_edmund
D:7:      layout_cave_pools, enter_bailey_5, kennysheep_generic_room_4
Temple:   compressed_dpeg_triangle_lava_temple
Bailey:   bailey_polearm_nasty_gnolls, bailey

Skill      XL: |  1  2  3  4  5  6  7  8 |
---------------+-------------------------+-----
Unarmed Combat | 4 5 6 8 9 |  9.4
Fighting       | 2 3 4 |  4.8
Dodging        | |  2.0
Spellcasting   | |  2.0
Transmutations | |  2.0
Poison Magic   | |  0.4

Action                   |  1- 3 |  4- 6 |  7- 9 || total
-------------------------+-------+-------+-------++-------
Melee: Unarmed           |    51 |    94 |   126 ||   271
       Constrict         |    18 |    20 |    16 ||    54
       Kick              |    16 |    20 |     3 ||    39
       Tentacles         |     8 |    17 |     7 ||    32
       Punch             |       |     6 |     5 ||    11
 Cast: Beastly Appendage |    20 |    23 |     6 ||    49
       Spider Form       |       |     2 |     8 ||    10
       Wereblood         |       |       |     3 ||     3
Invok: Curse Item        |       |       |     1 ||     1
  Use: Scroll            |     5 |     4 |     2 ||    11
       Potion            |       |       |    13 ||    13
 Stab: Sleeping          |     4 |     1 |     4 ||     9
       Invisible         |       |       |     4 ||     4
Armor: Skin              |     7 |     8 |    39 ||    54
Dodge: Dodged            |    37 |    83 |   209 ||   329

Table legend: (Time is in decaauts)
 A = Elapsed time spent in this place.
 B = Non-inter-level travel time spent in this place.
 C = Inter-level travel time spent in this place.
 D = Time resting spent in this place.
 E = Time spent auto-exploring this place.
 F = Levels seen in this place.
 G = Mean time per level.
                   A        B        C        D        E       F      G
               +--------+--------+--------+--------+--------+-----+--------+
         Total |   4233 |   4123 |    110 |    168 |   2943 |   7 |  604.7 |
       Dungeon |   3715 |   3644 |     71 |    110 |   2729 |   5 |  743.0 |
        Temple |    268 |    229 |     39 |      0 |    214 |   1 |  268.0 |
        Bailey |    249 |    249 |      0 |     58 |      0 |   1 |  249.0 |
               +--------+--------+--------+--------+--------+-----+--------+

Top non-repeatable levels by time:
     D:4: 1079 daAuts
     D:1: 894 daAuts
     D:2: 740 daAuts
     D:3: 692 daAuts
     D:7: 308 daAuts
  Temple: 268 daAuts
  Bailey: 249 daAuts
